 Dungeon Crawl Stone Soup version 0.24-a0-365-ga4d96b6e6e (webtiles) character file.

Game seed: 7500333806059335370

167 theanonym the Insei (level 5, -9/33 HPs)
             Began as an Octopode Transmuter on May 27, 2019.
             Engulfed by a cloud of freezing vapour (17 damage)
             ... in an ossuary.
             The game lasted 00:03:50 (3648 turns).

theanonym the Insei (Octopode Transmuter)           Turns: 3648, Time: 00:03:51

Health: -9/33      AC:  1    Str: 11    XL:     5   Next: 48%
Magic:  4/8        EV: 13    Int: 17    God:
Gold:   176        SH:  0    Dex: 12    Spells: 3/8 levels left

rFire    . . .     SeeInvis .     - Unarmed
rCold    . . .     Gourm    .   (no shield)
rNeg     . . .     Faith    .   (helmet restricted)
rPois    .         Spirit   .   (no amulet)
rElec    .         Reflect  .   u - +2 ring of strength
rCorr    .         Harm     .   (no ring)
MR       .....                  (no ring)
Stlth    ++........             (no ring)
HPRegen  0.11/turn              (no ring)
MPRegen  0.11/turn              (no ring)
                                (no ring)
                                (no ring)

@: appendage (expiring), very slightly contaminated
A: almost no armour, stealthy swim, amphibious, 8 rings, constrict 8, tentacle
spike 3, camouflage 1, gelatinous body 1
a: End Transformation


Innate Abilities, Weirdness & Mutations

You cannot wear most types of armour.
You are very stealthy in the water. (Stealth+)
You are amphibious.
You can wear up to eight rings at the same time.
You can use your tentacles to constrict eight enemies at once.
Your skin changes colour to match your surroundings (Stealth+).
Your rubbery body absorbs attacks. (AC +1, EV +1)
One of your tentacles bears a large vicious spike.


   Skills:
 - Level 1.0 Fighting
 - Level 2.0 Dodging
 * Level 5.0 Unarmed Combat
 - Level 2.0 Spellcasting
 + Level 3.3 Transmutations
 + Level 1.3 Ice Magic


You had 3 spell levels left.
You knew the following spells:

 Your Spells              Type           Power        Failure   Level  Hunger
a - Beastly Appendage     Tmut           ##....       4%          1    #......
b - Ice Form              Ice/Tmut       #.......     58%         4    #####..

Your spell library contained the following spells:

 Spells                   Type           Power        Failure   Level  Hunger
 Sticks to Snakes         Tmut           ##......     8%          2    ###....
 Spider Form              Tmut/Pois      #.........   28%         3    ###....
 Blade Hands              Tmut           ##........   80%         5    ######.

Skill      XL: |  1  2  3  4  5 |
---------------+----------------+-----
Unarmed Combat | 4 5 |  5.0
Transmutations | 3 |  3.3
Ice Magic      | 1 |  1.3
Fighting       | |  1.0
Dodging        | |  2.0
Spellcasting   | |  2.0

Action                   |  1- 3 |  4- 6 || total
-------------------------+-------+-------++-------
Melee: Unarmed           |   106 |    54 ||   160
       Constrict         |    29 |    13 ||    42
       Kick              |    11 |     4 ||    15
       Tentacles         |    13 |     8 ||    21
       Punch             |     2 |     2 ||     4
 Cast: Beastly Appendage |     9 |     5 ||    14
  Use: Scroll            |       |     7 ||     7
 Stab: Sleeping          |     5 |     3 ||     8
  Eat: Chunk             |     5 |     3 ||     8
       Ration            |       |     1 ||     1
Armor: Skin              |    12 |     4 ||    16
Dodge: Dodged            |    78 |    32 ||   110

Inventory:

Missiles
 a - 12 arrows
Jewellery
 u - a +2 ring of strength (left tentacle)
Wands
 i - a wand of random effects (13)
Scrolls
 f - a scroll of noise
 j - a scroll of amnesia
 t - a scroll of teleportation {!r}
Potions
 c - a potion of cancellation
 d - a potion of berserk rage {unknown}
 g - a potion of flight {unknown}
 h - a potion of magic {unknown}
 n - a potion of degeneration {unknown}
 o - a potion of haste {unknown}
 p - a potion of lignification {unknown}
 q - a potion of agility {unknown}
 w - a potion of curing
Comestibles
 e - 7 rations You were in an ossuary. You were not hungry. One of your tentacles had a temporary spike. You visited 2 branches of the dungeon, and saw 5 of its levels. You also visited: Ossuary. You collected 176 gold pieces.

Dungeon Overview and Level Annotations

Branches:
Dungeon (4/15)             Temple (1/1) D:4

Altars:
Ashenzari
Cheibriados
Dithmenos
Elyvilon
Fedhas
Gozag
Hepliaklqana
Kikubaaqudgha
Makhleb
Nemelex Xobeh
Okawaru
Ru
Sif Muna
Uskayaw
Vehumet
Wu Jian
Xom
Yredelemnul
The Shining One

#....#
#....#
#....#
#....#
#....#
#Z...#
#§ZZ.#
#Z§§.#
#§@☼.#
######


You could see a gnoll zombie, a kobold zombie and 2 orc zombies.

Notes
Turn   | Place    | Note
-------+----------+-------------------------------------------
     0 | D:1      | theanonym the Octopode Transmuter began the quest for the
                  | Orb.
     0 | D:1      | Reached XP level 1. HP: 13/13 MP: 3/3
    72 | D:1      | HP: 5/13 [hobgoblin/+0 club (5)]
   367 | D:1      | Reached XP level 2. HP: 18/18 MP: 3/5
  1172 | D:2      | Reached XP level 3. HP: 23/23 MP: 4/6
  1232 | D:2      | HP: 11/23 [rat (2)]
  1246 | D:2      | HP: 10/23 [bat (1)]
  1252 | D:2      | HP: 6/23 [kobold/+0 dagger (2)]
  1384 | D:2      | HP: 11/23 [jackal (3)]
  1385 | D:2      | Reached skill level 4 in Unarmed Combat
  1557 | D:2      | HP: 11/23 [kobold/+0 rapier (5)]
  2005 | D:2      | HP: 11/23 [giant cockroach (2)]
  2346 | D:3      | Reached XP level 4. HP: 25/28 MP: 7/7
  2480 | D:3      | Learned a level 4 spell: Ice Form
  2527 | D:3      | Found a hazy altar of Hepliaklqana.
  2966 | D:3      | Reached skill level 3 in Transmutations
  3019 | D:3      | Found an ancient bone altar of Kikubaaqudgha.
  3074 | D:3      | Found an opulent altar of Gozag.
  3080 | D:3      | Found an ornate altar of the Wu Jian Council.
  3080 | D:3      | Found a shadowy altar of Dithmenos.
  3080 | D:3      | Found a snail-covered altar of Cheibriados.
  3440 | D:4      | Reached skill level 1 in Ice Magic
  3440 | D:4      | Reached XP level 5. HP: 20/33 MP: 8/8
  3456 | D:4      | HP: 16/33 [poisoned by a worker ant]
  3536 | D:4      | Found a staircase to the Ecumenical Temple.
  3545 | Temple   | Entered the Ecumenical Temple
  3628 | D:4      | Found a sand-covered staircase.
  3634 | D:4      | Reached skill level 5 in Unarmed Combat
  3637 | Ossuary  | Entered an ossuary
  3647 | Ossuary  | HP: 8/33 [something (24)]
  3648 | Ossuary  | Engulfed by a cloud of freezing vapour

Vanquished Creatures
  A centaur skeleton (D:4)
  A worker ant (D:4)
  A mummy (D:4)
  3 adders
  A worm (D:2)
  A leopard gecko (D:1)
  An orc (D:3)
  2 ball pythons
  5 giant cockroaches
  9 goblins
  9 hobgoblins
  4 jackals (D:2)
  3 quokkas (D:3)
  5 bats
  6 frilled lizards
  7 kobolds
  5 rats
64 creatures vanquished.

Table legend:
 A = Turns spent in this place as a percentage of turns spent in the entire game.
 B = Non-inter-level travel turns spent in this place as a percentage of non-inter-level travel turns spent in the entire game.
 C = Inter-level travel turns spent in this place as a percentage of turns spent in this place.
 D = Turns resting spent in this place as a percentage of non-inter-level travel turns spent in this place.
 E = Turns spent auto-exploring this place as a percentage of non-inter-level travel turns spent in this place.
 F = Non-inter-level travel turns spent in this place divided by the number of levels of this place that you've seen.
                   A       B       C       D       E      F
               +-------+-------+-------+-------+-------+----------------------
         Total | 100.0 | 100.0 |   2.8 |  34.5 |  52.1 | 591.0
       Dungeon |  98.5 |  98.6 |   2.7 |  35.0 |  52.7 | 874.5
        Temple |   1.2 |   1.0 |  14.0 |   0.0 |   0.0 |  37.0
       Ossuary |   0.3 |   0.3 |   0.0 |   0.0 |   9.1 |  11.0
               +-------+-------+-------+-------+-------+----------------------
